 Dungeon Crawl Stone Soup version 0.31-a0-174-g85c54bcb58 (webtiles) character file.

Game seed: 2241974339071722494

1707 Binky the Slasher (level 9, -2/65 HPs)
             Began as a Djinni Cinder Acolyte on June 15, 2023.
             Was a High Priest of Ignis.
             Slain by a troll (3 damage)
             ... on level 6 of the Dungeon.
             The game lasted 00:32:56 (7254 turns).

Binky the Slasher (Djinni Cinder Acolyte)           Turns: 7254, Time: 00:32:56

Health: -2/65      AC:  7    Str: 15    XL:     9   Next: 23%
Gold:   528        EV: 13    Int: 16    God:    Ignis [*****.] SH:  0 Dex: 11

rFire   + + +        a - -1 falchion (flame)
rCold   . . .        (no shield)
rNeg    . . .        s - +2 robe {Archmagi}
rPois   ∞            (no helmet)
rElec   .            i - +0 cloak
rCorr   .            u - +1 pair of gloves
SInv    .            (boots unavailable)
Will    .....        o - amulet of the acrobat
Stlth   ++           e - +4 ring of slaying
HPRegen 0.30/turn    b - ring of protection from cold
MPRegen 0.00/turn

%: acrobat, archmagi, infuse magic (-3 HP)
@: flying
A: sickness immunity, fire resistance 2, cold vulnerability 1, float, innate
caster, HP casting, extra vitality 1
a: Renounce Religion, Fiery Armour, Foxfire Swarm, Rising Flame


You were on level 6 of the Dungeon.
You worshipped Ignis.
Ignis was extremely pleased with you.
You visited 1 branch of the dungeon, and saw 7 of its levels.
You also visited: Ossuary.

You collected 528 gold pieces.

Inventory:

Hand Weapons
 a - a -1 falchion of flaming (weapon)
Missiles
 m - 2 throwing nets
Armour
 i - a +0 cloak (worn)
 s - a +2 robe of the Archmagi (worn)
 u - a +1 pair of gloves (worn)
 w - an orb of mayhem
Jewellery
 b - a ring of protection from cold (right hand)
 e - a +4 ring of slaying (left hand)
 o - an amulet of the acrobat (around neck)
Wands
 j - a wand of polymorph (17)
 n - a wand of roots (11)
 t - a wand of mindburst (28)
 x - a wand of flame (16)
Scrolls
 f - 10 scrolls of fog
 g - 2 scrolls of blinking
 r - 3 scrolls of teleportation
 y - 2 scrolls of fear
Potions
 c - 2 potions of lignification {unknown}
 d - 6 potions of mutation
 h - 2 potions of magic
 k - 3 potions of degeneration {unknown}
 l - a potion of berserk rage {unknown}
 p - a potion of resistance {unknown}
 q - 2 potions of heal wounds {unknown}
 z - 4 potions of curing
 A - a potion of enlightenment {unknown}
 B - 2 potions of ambrosia {unknown}
 C - a potion of haste {unknown}
 D - a potion of might {unknown}


   Skills:
 * Level 5.5 Fighting
 * Level 6.5 Long Blades
 * Level 4.9 Dodging
 * Level 3.8 Stealth
 * Level 3.9 Spellcasting
 * Level 3.9 Conjurations
 * Level 3.9 Hexes
 * Level 3.9 Summonings
 * Level 3.9 Necromancy
 * Level 3.9 Translocations
 * Level 3.9 Transmutations
 * Level 3.9 Fire Magic
 * Level 3.9 Ice Magic
 * Level 3.9 Air Magic
 * Level 3.9 Earth Magic
 * Level 3.9 Poison Magic


You knew the following spells:

 Your Spells              Type           Power      Damage    Failure   Level
a - Scorch                Fire           46%        2d6       5%          2
b - Slow                  Hex            92%        N/A       3%          1
c - Momentum Strike       Conj/Tloc      46%        3d9       5%          2
d - Ensorcelled Hibernat  Hex/Ice        46%        N/A       5%          2
e - Ignite Poison         Fire/Tmut/Pois 23%        N/A       11%         3
Your spell library was empty.

Dungeon Overview and Level Annotations

Branches:
Dungeon (7/15)             Temple (0/1) D:6         Ossuary (visited)

Altars:
Qazlal
Uskayaw
Wu Jian

Annotations:
D:5 1 runed translucent door, goupaloupa's ghost, amateur DsFi


Innate Abilities, Weirdness & Mutations

You are immune to sickness and miasma.
You are immune to poison.
Your flesh is very heat resistant. (rF++)
You are vulnerable to cold. (rC-)
You float through the air rather than walking.
You learn spells naturally, not from books.
Your magical power is your life essence.
You have superior vitality. (+4 MHP)


Message History

You kill the water moccasin!
A sleepcap comes into view.
A troll comes into view.
Found 11 gold pieces.
Casting: Scorch (safe; 5% risk of failure)
Confirm with . or Enter, or press ? or * to list all spells.
You can't see any susceptible monsters within range! (Use Z to cast anyway.)
The troll closely misses you. The troll completely misses you. x2
There is a stone staircase leading up here.
The troll bites you! The troll claws you!
The troll claws you but does no damage.
You fly upwards.
There is a stone staircase leading down here.
Casting: Scorch (safe; 5% risk of failure)
Confirm with . or Enter, or press ? or * to list all spells.
You feel a surge of power!
Flames lash the troll.
The troll is lightly wounded.
The troll's fire resistance burns away.
The troll bites you! The troll closely misses you. The troll barely misses you.
Casting: Scorch (safe; 5% risk of failure)
Confirm with . or Enter, or press ? or * to list all spells.
You feel a surge of power!
Flames lash the troll.
The troll is burned terribly!
The troll is moderately wounded.
The troll misses you. The troll barely misses you. The troll claws you.
You closely miss the troll.
The troll is moderately wounded.
The troll bites you!
* * * LOW HITPOINT WARNING * * *
The troll misses you. x2
You feel better. The troll bites you! The troll barely misses you.
The troll claws you.
* * * LOW HITPOINT WARNING * * *
You barely miss the troll.
The troll is moderately wounded.
The troll bites you but does no damage.
The troll claws you but does no damage. x2
You closely miss the troll.
The troll is moderately wounded.
The troll bites you!
* * * LOW HITPOINT WARNING * * *
The troll claws you.
You die...

.# #.....########.#
#........... .#
#..............#
#...#######.
.#####....##########
#.......# #.
..........'........#
#######.# ##
######....########.######
#.# # #..8........#..[>..#
#.####
#.....#####.#......####.#...
#8...8#####...........#.#.##
#..........@#......##.#.#.#
#..8..#####T#.#######.#.#.#
#...........#......##.#.#.#
#.###########......##.#.#.##
#..................##.#.#...
#########.###......##.#.#...
#.###....####.#.##.#
#...................
#..#########'######.


You could see a troll (combustible).

Vanquished Creatures
  Eustachio (D:6)
  A water moccasin (D:7)
  2 ogres
  A centaur (D:6)
  3 phantoms
  Blork the orc (D:4)
  3 scorpions (D:6)
  A wight (D:6)
  2 howler monkeys
  A hound (D:5)
  A jelly (D:6)
  9 iguanas
  An orc wizard (D:7)
  Ijyb (D:3)
  8 mummies (Ossuary)
  Robin (D:3)
  3 adders
  A white imp (D:5)
  An ufetubus (D:6)
  A worm (D:3)
  A dart slug (D:4)
  14 orcs
  4 ball pythons
  5 endoplasms
  2 giant cockroaches
  2 gnoll zombies (Ossuary)
  20 goblins
  6 hobgoblins
  11 jackals
  6 kobolds
  4 quokkas
  2 bats
  6 frilled lizards
  3 hobgoblin zombies (Ossuary)
  A kobold zombie (Ossuary)
  2 orc zombies (Ossuary)
  31 rats
163 creatures vanquished.

Notes
Turn   | Place    | Note
-------+----------+-------------------------------------------
     0 | D:1      | Binky the Djinni Cinder Acolyte began the quest for the
                  | Orb.
     0 | D:1      | Binky set off with the following spells memorised: Scorch.
     0 | D:1      | Reached XP level 1. HP: 20/20 MP: 0/0
   238 | D:1      | Reached XP level 2. HP: 25/25 MP: 0/0
   630 | D:1      | Reached skill level 3 in Long Blades
  1003 | D:1      | Found a faded altar of an unknown god.
  1202 | D:1      | Reached XP level 3. HP: 30/30 MP: 0/0
  1202 | D:1      | Learned a level 1 spell: Slow
  1377 | D:2      | Reached skill level 1 in Dodging
  1459 | D:2      | Found a stormy altar of Qazlal.
  1658 | D:2      | Reached XP level 4. HP: 29/35 MP: 0/0
  2067 | D:3      | Noticed Ijyb
  2135 | D:3      | Noticed an ogre
  2313 | D:3      | Killed Ijyb
  2314 | D:3      | Reached skill level 1 in Stealth
  2314 | D:3      | Reached XP level 5. HP: 37/40 MP: 0/0
  2314 | D:3      | Learned a level 2 spell: Momentum Strike
  2454 | D:3      | Killed an ogre
  2455 | D:3      | Reached skill level 4 in Long Blades
  2455 | D:3      | Reached XP level 6. HP: 37/47 MP: 0/0
  2557 | D:3      | Noticed Robin
  2632 | D:3      | Killed Robin
  2975 | D:4      | Noticed Blork the orc
  3705 | D:4      | Killed Blork the orc
  3706 | D:4      | Reached XP level 7. HP: 47/52 MP: 0/0
  3706 | D:4      | Learned a level 2 spell: Ensorcelled Hibernation
  3984 | D:5      | Entered Level 5 of the Dungeon
  4252 | D:5      | Noticed goupaloupa's ghost (amateur DsFi)
  4253 | D:5      | Found a runed translucent door.
  4937 | D:5      | Reached skill level 5 in Long Blades
  5156 | D:6      | Reached XP level 8. HP: 58/58 MP: 0/0
  5363 | D:6      | Noticed Eustachio
  5473 | D:6      | Found a sand-covered staircase.
  5484 | Ossuary  | Entered an ossuary
  5994 | D:6      | Found a staircase to the Ecumenical Temple.
  6090 | D:6      | Reached skill level 5 in Fighting
  6411 | D:6      | Found an ornate altar of the Wu Jian Council.
  6412 | D:6      | Found a hide-covered altar of Uskayaw.
  6687 | D:6      | Reached skill level 6 in Long Blades
  6711 | D:6      | Killed Eustachio
  6712 | D:6      | Reached XP level 9. HP: 42/65 MP: 0/0
  6712 | D:6      | Learned a level 3 spell: Ignite Poison
  7242 | D:7      | Noticed a troll
  7254 | D:6      | HP: 1/65 [troll (15)]
  7254 | D:6      | Slain by a troll

Illustrated notes

Levels and vault maps discovered:
D:1:      lightli_molten_gateway, layout_loops_corners,
          shapermc_ecumenical_altar_totnotflames, chequers_serial_rivers_room_a,
          minmay_rat_gold_closets
D:2:      layout_rooms, basic_altar, dreamdust_princess_corridor,
          grunt_ministairs_15, minmay_rat_hole
D:3:      layout_rooms, st_stairs_8, uniq_robin, uniq_ijyb
D:4:      layout_basic, uniq_blork_the_orc
D:5:      layout_loops_ring, hellmonk_ghost_happy_afterlife,
          minmay_misc_feat_chi, minmay_misc_feat_secret_circle,
          chequers_decorated_corner, minivault_25
D:6:      cheibrodos_quashed, layout_basic, gammafunk_temple_overflow_statue,
          minmay_temple_entry_statues_fountains, nicolae_ossuary_entry_monument,
          chequers_arboretum, minmay_pentangle, uniq_eustachio
D:7:      hangedman_cross_stitches, layout_rooms, serial_shops,
          nicolae_book_shop_shelving, serial_glass, glass_columns_c,
          glass_columns_b, glass_columns_a, glass_columns_b, uniq_joseph

Skill      XL: |  1  2  3  4  5  6  7  8 |
---------------+-------------------------+-----
Long Blades    | 3 4 5 6 |  6.5
Dodging        | 1 2 3 4 |  4.9
Stealth        | 1 2 3 |  3.8
Fighting       | 4 5 |  5.5
Spellcasting   | 3 |  3.9
Conjurations   | 3 |  3.9
Hexes          | 3 |  3.9
Summonings     | 3 |  3.9
Necromancy     | 3 |  3.9
Translocations | 3 |  3.9
Transmutations | 3 |  3.9
Fire Magic     | 3 |  3.9
Ice Magic      | 3 |  3.9
Air Magic      | 3 |  3.9
Earth Magic    | 3 |  3.9
Poison Magic   | 3 |  3.9

Action                     |  1- 3 |  4- 6 |  7- 9 || total
---------------------------+-------+-------+-------++-------
  Melee: Falchion          |   113 |   100 |   182 ||   395
         Punch             |       |     2 |     3 ||     5
   Cast: Scorch            |     1 |    48 |    59 ||   108
         Slow              |       |    13 |     3 ||    16
    Use: Scroll            |     2 |     3 |     8 ||    13
         Potion            |       |       |     1 ||     1
   Stab: Sleeping          |     1 |     1 |     1 ||     3
 Armour: Robe              |    24 |    30 |    38 ||    92
  Dodge: Dodged            |    59 |    68 |   130 ||   257

Table legend: (Time is in decaauts)
 A = Elapsed time spent in this place.
 B = Non-inter-level travel time spent in this place.
 C = Inter-level travel time spent in this place.
 D = Time resting spent in this place.
 E = Time spent auto-exploring this place.
 F = Levels seen in this place.
 G = Mean time per level.
                   A        B        C        D        E       F      G
               +--------+--------+--------+--------+--------+-----+--------+
         Total |   7290 |   6636 |    654 |   1502 |   3363 |   8 |  911.2 |
       Dungeon |   6864 |   6210 |    654 |   1350 |   3211 |   7 |  980.6 |
       Ossuary |    425 |    425 |      0 |    152 |    152 |   1 |  425.0 |
               +--------+--------+--------+--------+--------+-----+--------+

Top non-repeatable levels by time:
     D:6: 1610 daAuts
     D:1: 1328 daAuts
     D:5: 1167 daAuts
     D:3: 1000 daAuts
     D:4: 942 daAuts
     D:2: 743 daAuts
 Ossuary: 425 daAuts
     D:7: 72 daAuts
